 Dungeon Crawl Stone Soup version 0.29.1-4-g47bece8355 (webtiles) character file.

Game seed: 11513042206142819330

72 javelincjr the Sneak (level 4, -2/21 HPs)
             Began as a Spriggan Conjurer on Dec 7, 2022.
             Killed from afar by Natasha (6 damage)
             ... with a magic dart
             ... on level 2 of the Dungeon.
             The game lasted 00:08:17 (1962 turns).

javelincjr the Sneak (Spriggan Conjurer)            Turns: 1962, Time: 00:08:18

Health: -2/21      AC:  4    Str:  3    XL:     4   Next: 7%
Magic:  8/10       EV: 17    Int: 21    God:
Gold:   42         SH:  0    Dex: 13    Spells: 8/9 levels left

rFire   . . .      SeeInvis +   e - +0 dagger (freeze)
rCold   + + .      Faith    .   (no shield)
rNeg    . . .      Spirit   .   p - +2 robe {rC+}
rPois   .          Reflect  .   (helmet restricted)
rElec   .          Harm     .   (no cloak)
rCorr   .          Rampage  .   (gloves unavailable)
Will    .....                   (boots unavailable)
Stlth   ++........              (no amulet)
HPRegen 0.07/turn               i - ring of protection from cold
MPRegen 0.12/turn               (no ring)

@: slowed, quick
A: very small, no large weapons, unfitting armour, see invisible, speed 3
a: no special abilities


You were on level 2 of the Dungeon.
You visited 1 branch of the dungeon, and saw 3 of its levels.

You collected 42 gold pieces.

Inventory:

Hand Weapons
 e - a +0 dagger of freezing (weapon)
Missiles
 o - a throwing net
 q - 3 atropa-tipped darts
Armour
 a - a +0 robe
 p - a +2 robe of cold resistance (worn)
Magical Staves
 u - a staff of poison
Jewellery
 i - a ring of protection from cold (left hand)
 s - a ring of protection from cold
Scrolls
 c - a scroll of enchant weapon {unknown}
 f - a scroll of teleportation {unknown}
 j - a scroll of acquirement {unknown}
 m - 2 scrolls of identify {unknown}
 n - a scroll of silence {unknown}
 t - a scroll of fear {unknown}
Potions
 b - a potion of magic
 d - a potion of heal wounds {unknown}
 g - a potion of brilliance {unknown}
 h - 2 potions of curing {unknown}
 k - a potion of might
 l - a potion of berserk rage {unknown}
 r - 2 potions of degeneration {unknown}


   Skills:
 + Level 0.1 Fighting
 + Level 0.5 Short Blades
 + Level 2.8 Dodging
 + Level 3.7 Stealth
 + Level 3.3 Spellcasting
 + Level 3.7 Conjurations


You had 8 spell levels left.
You knew the following spells:

 Your Spells              Type           Power      Damage    Failure   Level
a - Magic Dart            Conj           76%        1d6       2%          1

Your spell library contained the following spells:

 Spells                   Type           Power      Damage    Failure   Level
 Searing Ray              Conj           38%        2d5       4%          2
 Sublimation of Blood     Necr           3%         N/A       19%         2
 Wereblood                Tmut           3%         N/A       19%         2
 Dazzling Flash           Conj/Hex       22%        N/A       19%         3
 Fulminant Prism          Conj/Hex       5%         3d7       52%         4
 Iskenderun's Mystic Bla  Conj/Tloc      11%        2d4       52%         4
 Summon Hydra             Summ           1%         N/A       100%        7


Dungeon Overview and Level Annotations

Branches:
Dungeon (3/15)

Altars:

Shops:
D:1 [

Annotations:
D:2 Natasha


Innate Abilities, Weirdness & Mutations

You are very small and have problems with some larger weapons.
You are too small for most types of armour.
You have supernaturally acute eyesight. (SInv)
You cover ground extremely quickly. (Speed+++)


Message History

Natasha closely misses you.
Casting: Magic Dart (safe; 2% risk of failure)
Confirm with . or Enter, or press ? or * to list all spells.
Aiming: Magic Dart (safe; 2% risk of failure)
Press: ? - help, Shift-Dir - straight line, f - shadow imp
Aim: a shadow imp (summoned, 100% to hit)
The magic dart hits the shadow imp.
The shadow imp is lightly wounded.
The shadow imp hits you.
Natasha casts a spell.
Casting: Magic Dart (safe; 2% risk of failure)
Confirm with . or Enter, or press ? or * to list all spells.
Aiming: Magic Dart (safe; 2% risk of failure)
Press: ? - help, Shift-Dir - straight line, f/p - shadow imp
Aim: a shadow imp (lightly wounded, summoned, 100% to hit)
The magic dart hits the shadow imp but does no damage.
The shadow imp is lightly wounded.
The shadow imp completely misses you. Natasha closely misses you.
The crimson imp blinks!
The shadow imp closely misses you. Natasha claws you.
A ball python comes into view.
The crimson imp blinks!
The shadow imp shouts, "Beg for mercy, thou warped ill-breeding foot-licker!"
Natasha claws you.
* * * LOW HITPOINT WARNING * * *
Natasha attacks as you move away! Natasha completely misses you.
The crimson imp blinks!
Natasha attacks as you move away! Natasha claws you.
* * * LOW HITPOINT WARNING * * *
The shadow imp disappears in a puff of smoke!
Casting: Magic Dart (safe; 2% risk of failure)
Confirm with . or Enter, or press ? or * to list all spells.
Aiming: Magic Dart (safe; 2% risk of failure)
Press: ? - help, Shift-Dir - straight line, f - Natasha
Aim: Natasha, carrying a wand of quicksilver (9) (heavily wounded, strong, 100% to hit)
The magic dart hits Natasha but does no damage.
Natasha is heavily wounded.
Natasha hisses.
Natasha stares at you and mumbles some strange words.
The magic dart hits you.
You die...

.######.#####....#
...........§'.§..#
#######.#####....#
#.# #§§..# #######
#.# #.#### .......
#.# #§# #######
#.# #.# #.# #h#
#.# #@# #.# #.#
#.# ..# ###


You could see Natasha (strong).

Vanquished Creatures
  Jessica (D:2)
  An adder (D:2)
  2 worms (D:2)
  8 endoplasms
  A giant cockroach (D:1)
  3 goblins
  2 hobgoblins (D:1)
  3 kobolds
  A ball python (D:1)
  2 bats (D:1)
  2 frilled lizards
  3 rats (D:1)
29 creatures vanquished.

Vanquished Creatures (others)
  A plant (D:1)
1 creature vanquished.

Grand Total: 30 creatures vanquished

Notes
Turn   | Place    | Note
-------+----------+-------------------------------------------
     0 | D:1      | javelincjr the Spriggan Conjurer began the quest for the
                  | Orb.
     0 | D:1      | Reached XP level 1. HP: 9/9 MP: 5/5
    38 | D:1      | Found Cotegg's Antique Armour Shoppe.
   423 | D:2      | Reached XP level 2. HP: 4/13 MP: 0/6
  1129 | D:1      | Found a faded altar of an unknown god.
  1166 | D:1      | Reached XP level 3. HP: 16/16 MP: 2/8
  1302 | D:2      | Noticed Jessica
  1309 | D:2      | Killed Jessica
  1693 | D:2      | Reached XP level 4. HP: 21/21 MP: 7/10
  1945 | D:2      | Noticed Natasha
  1962 | D:2      | Killed from afar by Natasha

Illustrated notes

Levels and vault maps discovered:
D:1:      lightli_arrival_windingriver, layout_rooms, serial_shops,
          nicolae_shop_stone, ebering_ecumenical_altar_sacrificial,
          minmay_octomino_c4
D:2:      layout_basic, uniq_natasha, uniq_jessica
D:3:      layout_basic, minmay_misc_feat_doors

Skill      XL: |  1  2 |
---------------+-------+-----
Conjurations   | 3 |  3.7
Spellcasting   | 3 |  3.3
Fighting       | |  0.1
Short Blades   | |  0.5
Dodging        | |  2.8
Stealth        | |  3.7

Action                   |  1- 3 |  4- 6 || total
-------------------------+-------+-------++-------
Melee: Dagger            |    27 |     6 ||    33
       Unarmed           |     7 |       ||     7
       Punch             |     1 |       ||     1
 Cast: Magic Dart        |    63 |    11 ||    74
 Stab: Distracted        |     1 |       ||     1
       Sleeping          |     1 |       ||     1
Armor: Robe              |     4 |     1 ||     5
Dodge: Dodged            |    18 |     6 ||    24
